 Dungeon Crawl Stone Soup version 0.29-a0-512-gf59ac78 (webtiles) character file.

Game seed: 9235129257670953946

73 Toastz the Chopper (level 4, -4/61 HPs)
             Began as a Hill Orc Fighter on May 29, 2022.
             Was an Initiate of Nemelex Xobeh.
             Succumbed to Ijyb's poison
             ... on level 3 of the Dungeon.
             The game lasted 00:05:28 (2955 turns).

Toastz the Chopper (Hill Orc Fighter)               Turns: 2955, Time: 00:05:28

Health: -4/61      AC: 22    Str: 17 (20) XL:     4   Next: 27%
Magic:  13/13      EV:  2    Int:  7 (8)  God:    Nemelex Xobeh [......]
Gold:   128        SH:  4    Dex:  7 (10) Spells: 3/3 levels left

rFire   . . .      SeeInvis .   a - +0 war axe
rCold   . . .      Faith    .   c - +0 buckler
rNeg    . . .      Spirit   .   (body armour currently unavailable)
rPois   +          Reflect  .   (helmet currently unavailable)
rElec   .          Harm     .   (cloak currently unavailable)
rCorr   .          Rampage  .   (gloves currently unavailable)
Will    .....      NoTele   +   (boots currently unavailable)
Stlth   +.........              (no amulet)
HPRegen 0.20/turn               w - ring of magical power
MPRegen 0.13/turn               (no ring)

@: lethally poisoned (-4 -> -33), tree-form (expiring)
A: stationary, stasis, torment immunity, boosted hp, (iridescent scales 1),
MP-powered wands
a: Renounce Religion, Draw Escape, Draw Destruction, Draw Summoning


You were on level 3 of the Dungeon.
You worshipped Nemelex Xobeh.
Nemelex Xobeh was noncommittal.
You were a tree.
You visited 1 branch of the dungeon, and saw 3 of its levels.

You collected 128 gold pieces.

Inventory:

Hand Weapons
 a - a +0 war axe (weapon)
Missiles
 e - 81 stones
 h - a javelin (quivered)
Armour
 b - a +0 scale mail (melded)
 c - a +0 buckler (worn)
 i - a +0 pair of boots (melded)
 j - a +0 pair of gloves (melded)
 r - a +0 plate armour
Jewellery
 w - a ring of magical power (left branch)
Scrolls
 f - 3 scrolls of teleportation
 g - a scroll of fear {unknown}
 k - 2 scrolls of immolation
 l - a scroll of enchant armour {unknown}
 o - 2 scrolls of amnesia
 q - a scroll of blinking {unknown}
 t - a scroll of silence {unknown}
Potions
 v - a potion of degeneration


   Skills:
 + Level 4.5 Fighting
 * Level 5.0 Axes
 - Level 3.2 Armour
 - Level 3.2 Shields


You had 3 spell levels left.
You didn't know any spells.
Your spell library contained the following spells:

 Spells                   Type           Power      Damage    Failure   Level
 Alistair's Intoxication  Tmut/Pois      0%         N/A       100%        5
 Borgnjor's Vile Clutch   Necr/Erth      0%         N/A       100%        5
 Eringya's Noxious Bog    Tmut/Pois      0%         N/A       100%        6


Dungeon Overview and Level Annotations

Branches:
Dungeon (3/15)

Altars:
Nemelex Xobeh
Vehumet
Zin

Annotations:
D:3 1 exclusion, Grinder, Ijyb


Innate Abilities, Weirdness & Mutations

You are a tree.
Your roots penetrate the ground, keeping you stationary.
You cannot be teleported.
You are immune to unholy pain and torment.
Your maximum health is greatly increased.
Your equipment is partially melded.
((You are partially covered in iridescent scales. (AC +2)))
You expend magic power (3 MP) to strengthen your wands.


Message History

Ijyb hits you but does no damage.
You are more poisoned.
Ijyb zaps a wand.
You resist with some effort.
You hit Ijyb.
Ijyb is moderately wounded.
You feel extremely sick. You block Ijyb's attack.
You closely miss Ijyb.
Ijyb is moderately wounded.
You feel very sick.
Ijyb hits you with a +4 dagger of venom.
You closely miss Ijyb.
Ijyb is moderately wounded.
You feel very sick.
Ijyb zaps a wand.
You suddenly lose the ability to move!
Ijyb hits you but does no damage.
You are more poisoned.
You feel very sick. Ijyb hits you but does no damage.
You are lethally poisoned!
You can move again.
You barely miss Ijyb.
Ijyb is moderately wounded.
* * * LOW HITPOINT WARNING * * *
You feel very sick. Ijyb hits you but does no damage.
You are more poisoned.
Okay, then.
Okay, then.
You completely miss Ijyb.
Ijyb is moderately wounded.
Your transformation is almost over.
* * * LOW HITPOINT WARNING * * *
You feel extremely sick. Ijyb hits you but does no damage.
You are more poisoned.
You hit Ijyb.
Ijyb is moderately wounded.
You die...
Your body disappears without a glow.

#.# #.# ### #.# ####..
#+ # #.#### #..... ...
.###....###..#.# ....
#.....[...##..#.. .....
####.###.###..#..
......####...##.###..#..
.:..(.g♣>...............
[)....####...##.###.....
..... ##.#######.####
.... #.#.#P# #.......
... #.#.#P# ###.#### #+
#P#.#b# #.#
#.#.#.#b###.#
#.#.#P#.#...#
#.#.#.#.##### #


You could see Ijyb.

Vanquished Creatures
  Jessica (D:3)
  A worm (D:2)
  A dart slug (D:1)
  2 bats (D:1)
  3 endoplasms
  5 hobgoblins
  3 kobolds
  3 quokkas
  6 ball pythons
  3 frilled lizards
  8 goblins
  5 rats
41 creatures vanquished.

Notes
Turn   | Place    | Note
-------+----------+-------------------------------------------
     0 | D:1      | Toastz the Hill Orc Fighter began the quest for the Orb.
     0 | D:1      | Reached XP level 1. HP: 19/19 MP: 1/1
   175 | D:1      | Reached skill level 3 in Axes
   313 | D:1      | Reached XP level 2. HP: 24/27 MP: 2/2
   815 | D:1      | You fall into a shaft and drop 1 floor!
   815 | D:2      | Found a faded altar of an unknown god.
   938 | D:2      | Reached skill level 4 in Axes
   938 | D:2      | Reached XP level 3. HP: 29/33 MP: 3/3
  1001 | D:2      | Found a glowing silver altar of Zin.
  1517 | D:3      | Noticed Grinder
  1942 | D:3      | Noticed Ijyb
  1943 | D:3      | Paralysed by Ijyb for 4 turns
  1944 | D:3      | Noticed Jessica
  1952 | D:3      | Paralysed by Ijyb for 2 turns
  1956 | D:3      | Killed Jessica
  1957 | D:3      | Reached skill level 5 in Axes
  1957 | D:3      | Reached XP level 4. HP: 6/41 MP: 4/4
  1957 | D:3      | Gained mutation: You expend magic power (3 MP) to
                  | strengthen your wands. [potion of mutation]
  1957 | D:3      | Gained mutation: You are partially covered in iridescent
                  | scales. (AC +2) [potion of mutation]
  1960 | D:3      | HP: 2/41 [poisoned by Ijyb]
  2358 | D:3      | Found a radiant altar of Vehumet.
  2377 | D:3      | Found a sparkling altar of Nemelex Xobeh.
  2389 | D:3      | Became a worshipper of Nemelex Xobeh the Trickster
  2390 | D:3      | Paralysed by Grinder for 2 turns
  2951 | D:3      | Paralysed by Ijyb for 2 turns
  2955 | D:3      | Succumbed to Ijyb's poison

Illustrated notes

Levels and vault maps discovered:
D:1:      dpeg_arrival_refuge, layout_basic
D:2:      layout_rooms, chequers_ecumenical_altar_simple, basic_altar
D:3:      layout_loops_corners, grunt_temple_overflow_open, serial_aquarium,
          aquarium_bridge_square [aquarium_subvault_wall,
          aquarium_subvault_bridge, aquarium_subvault_bridge,
          aquarium_subvault_bridge], aquarium_bridge_straight
          [aquarium_subvault_bridge, aquarium_subvault_window,
          aquarium_subvault_bridge, aquarium_subvault_wall],
          aquarium_window_corridor_2, aquarium_window_corner,
          aquarium_window_corner, aquarium_view_2c, aquarium_view_2e,
          aquarium_balcony_3a, uniq_ijyb, uniq_grinder, uniq_jessica

Skill      XL: |  1  2  3 |
---------------+----------+-----
Axes           | 3 4 5 |  5.0
Fighting       | 4 |  4.5
Armour         | |  3.2
Shields        | |  3.2

Action                   |  1- 3 |  4- 6 || total
-------------------------+-------+-------++-------
Melee: War axe           |    89 |    15 ||   104
Throw: Stone             |    14 |       ||    14
       Javelin           |       |     5 ||     5
       Dart              |       |     2 ||     2
  Use: Scroll            |     6 |       ||     6
       Potion            |     4 |     3 ||     7
Armor: Scale mail        |    43 |     7 ||    50
       Skin              |       |     5 ||     5
Dodge: Dodged            |    41 |     1 ||    42
Block: Buckler           |    17 |     2 ||    19

Table legend: (Time is in decaauts)
 A = Elapsed time spent in this place.
 B = Non-inter-level travel time spent in this place.
 C = Inter-level travel time spent in this place.
 D = Time resting spent in this place.
 E = Time spent auto-exploring this place.
 F = Levels seen in this place.
 G = Mean time per level.
                   A        B        C        D        E       F      G
               +--------+--------+--------+--------+--------+-----+--------+
         Total |   2999 |   2877 |    122 |    848 |   1545 |   3 |  999.7 |
       Dungeon |   2999 |   2877 |    122 |    848 |   1545 |   3 |  999.7 |
               +--------+--------+--------+--------+--------+-----+--------+

Top non-repeatable levels by time:
     D:2: 1418 daAuts
     D:1: 887 daAuts
     D:3: 693 daAuts
